 Dungeon Crawl Stone Soup version 0.22-a0-305-gd21a89c (webtiles) character file.

170 CasualChangeling the Firebug (level 5, 0/40 HPs)
             Began as a Draconian Fire Elementalist on Mar 31, 2018.
             Killed by divine providence
             ... invoked by an orc priest
              (12 damage)
             ... on level 2 of the Dungeon.
             The game lasted 00:04:44 (2253 turns).

CasualChangeling the Firebug (DrFE)                 Turns: 2253, Time: 00:04:45

Health: 0/40       AC:  5    Str: 11    XL:     5   Next: 25%
Magic:  2/9        EV: 12    Int: 16    God:
Gold:   124        SH:  0    Dex: 11    Spells: 6/9 levels left

rFire    . . .     SeeInvis .   a - +0 short sword
rCold    . . .     Gourm    .   (no shield)
rNeg     . . .     Faith    .   (armour unavailable)
rPois    .         Spirit   .   (helmet restricted)
rElec    .         Reflect  .   (no cloak)
rCorr    .         Harm     .   (no gloves)
MR       +....                  (no boots)
Stlth    ++........             i - amulet of the acrobat
HPRegen  0.13/turn              j - ring of protection from magic
MPRegen  0.11/turn              (no ring)

@: no status effects
A: unfitting armour, cold-blooded, AC +5
a: no special abilities


You were on level 2 of the Dungeon.
You were not hungry.

You visited 1 branch of the dungeon, and saw 3 of its levels.

You collected 124 gold pieces.

Inventory:

Hand Weapons
 a - a +0 short sword (weapon)
Jewellery
 i - an amulet of the acrobat (around neck)
 j - a ring of protection from magic (left hand)
Scrolls
 c - 3 scrolls of identify {unknown}
 h - a scroll of magic mapping {unknown}
 k - 3 scrolls of remove curse {unknown}
 l - 2 scrolls of random uselessness {unknown}
 m - a scroll of noise {unknown}
Potions
 d - 2 potions of lignification {unknown}
 e - 2 potions of magic {unknown}
 f - 2 potions of haste {unknown}
 g - a potion of heal wounds {unknown}
 o - a potion of agility {unknown}
Comestibles
 b - 4 rations
 n - 2 chunks of flesh


   Skills:
 + Level 1.5 Fighting
 + Level 1.2 Short Blades
 + Level 2.4 Dodging
 + Level 2.6 Stealth
 + Level 2.6 Spellcasting
 + Level 2.2 Conjurations
 + Level 3.6 Fire Magic


You had 6 spell levels left.
You knew the following spells:

 Your Spells              Type           Power        Failure   Level  Hunger
a - Throw Flame           Conj/Fire      ##....       9%          2    ##.....
b - Flame Tongue          Conj/Fire      ##...        6%          1    #......


Dungeon Overview and Level Annotations

Branches:
Dungeon (3/15)

Altars:

Annotations:
D:3 Tungsten's ghost, amateur TeVM


Innate Abilities, Weirdness & Mutations

Your plain brown scales are hard. (AC +5)
You cannot fit into any form of body armour.
You are cold-blooded and may be slowed by cold attacks.


Message History

Confirm with . or Enter, or press ? or * to list all spells.
Aiming: Flame Tongue (safe; 6% risk of failure)
Press: ? - help, Shift-Dir - straight line, f/p - orc priest
Aim: an orc priest, wielding a flail of protection and wearing a scale mail (heavily wounded)
The flame tongue hits the orc priest.
The orc priest appears unharmed.
The orc priest is heavily wounded.
The orc priest barely misses you. The orc priest closely misses you.
The orc hits you with a mace.
Casting: Flame Tongue (safe; 6% risk of failure)
Confirm with . or Enter, or press ? or * to list all spells.
Aiming: Flame Tongue (safe; 6% risk of failure)
Press: ? - help, Shift-Dir - straight line, f/p - orc priest
Aim: an orc priest, wielding a flail of protection and wearing a scale mail (heavily wounded)
The flame tongue hits the orc priest.
The orc priest appears unharmed.
The orc priest is heavily wounded.
The orc priest hits you with a flail of protection.
* * * LOW HITPOINT WARNING * * *
The orc priest mumbles some strange prayers to Beogh against you.
Beogh smites you!
You die...

.## ##.# ######### #.#
#.###.## #.....>.# #.#
##.#...######.#####.# #.#
###.#.#..........##.###.####
..............##...........#
###.(.#...(#####..#.###.##.#
##...##### #..#.# #.##.#
##.## #.o#.###.##.# #.#
#@o.........###### #.#
#o.#.#.#.......... #.#
#..#.#.#.#.###.###
#(######## #..#.#.#.#.#
#.###
#(.(.)...###..#.....#.#
#....
#######...##..###...#.#
#.###
##..............#.###.#
##.....................#
#......)...........#####


You could see 2 orc priests and an orc.

Vanquished Creatures
  Natasha (thrice) (D:2)
  Robin (D:1)
  3 adders (D:2)
  An ooze (D:1)
  A worm (D:2)
  2 dart slugs
  3 leopard geckos (D:1)
  An orc (D:3)
  3 giant cockroaches (D:1)
  9 goblins
  3 hobgoblins
  A quokka (D:2)
  2 ball pythons (D:1)
  2 bats
  4 frilled lizards
  5 kobolds
  5 rats
49 creatures vanquished.

Notes
Turn   | Place    | Note
-------+----------+-------------------------------------------
     0 | D:1      | CasualChangeling the Draconian Fire Elementalist began the quest for the Orb.
     0 | D:1      | Reached XP level 1. HP: 14/14 MP: 3/3
   248 | D:1      | Reached XP level 2. HP: 20/20 MP: 1/5
   638 | D:1      | Reached XP level 3. HP: 23/26 MP: 2/6
   672 | D:1      | Learned a level 2 spell: Throw Flame
  1023 | D:2      | Reached XP level 4. HP: 34/34 MP: 0/7
  1067 | D:2      | Noticed Natasha
  1070 | D:2      | Noticed Robin
  1127 | D:2      | Killed Natasha
  1127 | D:2      | Reached skill level 1 in Fighting
  1139 | D:1      | Killed Robin
  1530 | D:2      | Reached skill level 1 in Short Blades
  1783 | D:2      | Noticed Natasha
  1792 | D:2      | Killed Natasha
  1792 | D:2      | Reached XP level 5. HP: 33/40 MP: 0/8
  1953 | D:2      | Noticed Natasha
  1967 | D:2      | Killed Natasha
  2182 | D:3      | Noticed Tungsten's ghost (amateur TeVM)
  2253 | D:2      | Killed from afar by an orc priest

Vault maps used:
D:1:      matt_arrival_grand_opening
D:2:      uniq_natasha, uniq_robin
D:3:      nemelex_xobeh_ov_fountains_minmay

Skill      XL: |  1  2  3  4 |
---------------+-------------+-----
Stealth        | 2 |  2.6
Dodging        | 2 |  2.4
Fighting       | 1 |  1.5
Conjurations   | 2 |  2.2
Short Blades   | 1 |  1.2
Spellcasting   | |  2.6
Fire Magic     | |  3.6

Action                   |  1- 3 |  4- 6 || total
-------------------------+-------+-------++-------
Melee: Unarmed           |     2 |       ||     2
       Tailslap          |     5 |     6 ||    11
       Short sword       |    57 |    30 ||    87
 Cast: Flame Tongue      |    27 |    15 ||    42
       Throw Flame       |    10 |    15 ||    25
 Stab: Sleeping          |     1 |       ||     1
  Eat: Chunk             |     2 |     3 ||     5
       Ration            |       |     1 ||     1
Armor: Skin              |    20 |     8 ||    28
Dodge: Dodged            |    41 |    23 ||    64

Table legend:
 A = Spawn XP
 B = Non-spawn XP
 C = Spawn XP percentage of total XP
 D = Spawn monster count
 E = Non-spawn monster count
 F = Spawn count percentage of total count
 G = Total turns spent on level
                    A         B        C        D         E        F      G
               +---------+---------+-------+---------+---------+-------+---------
         Total |       0 |     243 |   0.0 |       0 |      49 |   0.0 |  2253
               +---------+---------+-------+---------+---------+-------+---------
           D:1 |       0 |      57 |   0.0 |       0 |      22 |   0.0 |   956
           D:2 |       0 |     177 |   0.0 |       0 |      23 |   0.0 |  1147
           D:3 |       0 |       9 |   0.0 |       0 |       4 |   0.0 |   150
               +---------+---------+-------+---------+---------+-------+---------
